 Dungeon Crawl Stone Soup version 0.30-a0-878-gc727b3d3d6 (webtiles) character file.

Game seed: 2071192211446076122

39 112233 the Insei (level 3, -3/23 HPs)
             Began as an Octopode Transmuter on Mar 12, 2023.
             Slain by a gnoll
             ... wielding a +2 halberd of flaming
              (12 damage)
             ... on level 2 of the Dungeon.
             The game lasted 00:02:25 (1238 turns).

112233 the Insei (Octopode Transmuter)              Turns: 1238, Time: 00:02:26

Health: -3/23      AC:  1    Str:  9    XL:     3   Next: 45%
Magic:  5/6        EV: 13    Int: 17    God:
Gold:   119        SH:  0    Dex: 12    Spells: 3/6 levels left

rFire   . . .      SeeInvis .      - Unarmed
rCold   . . .      Faith    .    (no shield)
rNeg    . . .      Spirit   .    (helmet currently unavailable)
rPois   .          Reflect  .    (no amulet)
rElec   .          Rampage  .    (no ring)
rCorr   .                        (no ring)
Will    .....                    (no ring)
Stlth   ++                       (no ring)
HPRegen 0.23/turn                (no ring)
MPRegen 0.10/turn                (no ring)
                                 (no ring)
                                 (no ring)

@: appendages
A: tentacle spike 3, almost no armour, amphibious, 8 rings, camouflage 1,
gelatinous body 1, (nimble swimmer 1), tentacles
a: End Transformation


You were on level 2 of the Dungeon.
One of your tentacles had grown a beastly spike.
You visited 1 branch of the dungeon, and saw 2 of its levels.

You collected 119 gold pieces.

Inventory:

Scrolls
 a - 2 scrolls of identify {unknown}
Potions
 b - a potion of resistance {unknown}
 c - a potion of degeneration {unknown}
 d - a potion of lignification
 e - a potion of brilliance {unknown}


   Skills:
 + Level 1.5 Fighting
 + Level 2.4 Dodging
 + Level 3.2 Unarmed Combat
 + Level 2.3 Spellcasting
 + Level 2.4 Transmutations


You had 3 spell levels left.
You knew the following spells:

 Your Spells              Type           Power      Damage    Failure   Level
a - Beastly Appendage     Tmut           20%        N/A       7%          1
b - Wereblood             Tmut           10%        N/A       11%         2

Your spell library contained the following spells:

 Spells                   Type           Power      Damage    Failure   Level
 Spider Form              Tmut/Pois      6%         N/A       34%         3
 Ozocubu's Armour         Ice            2%         N/A       50%         3
 Ice Form                 Ice/Tmut       6%         N/A       75%         4
 Metabolic Englaciation   Hex/Ice        1%         N/A       99%         5
 Simulacrum               Ice/Necr       1%         N/A       100%        6


Dungeon Overview and Level Annotations

Branches:
Dungeon (2/15)

Altars:


Innate Abilities, Weirdness & Mutations

One of your tentacles has grown a beastly spike.
You cannot wear most types of armour.
You are amphibious.
You can wear up to eight rings at the same time.
Your skin changes colour to match your surroundings (Stealth+).
Your rubbery body absorbs attacks. (AC +1, EV +1)
((You are camouflaged when in or above water. (Stealth+)))
You have tentacles for arms and can constrict up to eight enemies at once.


Message History

A rat is nearby!
A rat is nearby!
An endoplasm and a gnoll come into view.
The gnoll is wielding a +2 halberd of flaming.
Found 5 poisoned darts, a black potion and 5 gold pieces.
The endoplasm quivers.
The gnoll shouts!
You hear a shout!
The rat completely misses you.
The gnoll moves out of view.
There are monsters nearby!
You tentacle-slap the rat.
You kill the rat!
A goblin comes into view. It is wielding a +0 club.
There are monsters nearby!
The goblin shouts!
You tentacle-slap the goblin. Your grab misses the goblin.
Your squeeze misses the goblin.
The goblin is moderately wounded.
An endoplasm comes into view.
The goblin misses you.
You tentacle-slap the goblin.
You kill the goblin!
There are monsters nearby!
A rat and a giant cockroach come into view.
Found four items.
The endoplasm misses you.
Things that are here:
a +0 club; a goblin corpse; a rat corpse
There are monsters nearby!
There are monsters nearby!
You barely miss the endoplasm.
The gnoll hits you from afar with a +2 halberd of flaming!
The gnoll burns you. The endoplasm freezes you.
You are frozen.
The giant cockroach bites you.
There are monsters nearby!
Casting: Beastly Appendage (safe; 7% risk of failure)
Confirm with . or Enter, or press ? or * to list all spells.
One of your tentacles grows a vicious spike.
The gnoll hits you from afar with a +2 halberd of flaming!
Ouch! That really hurt!
You die...

...............
.####.......... ..#
###...##### ..# #..###
### ..####.## ..##
..##...# ######..# .#
..##..## ##.......##.#
..#...# #..$!.....#.#
.<....# #gJ@..#.#
......# #rB#....#####
.(....# .J?$.#.?.......
...(.)## #....##....#.##
.......# ######.....#.#
.....#.## w.....#.....#
##...#..###....###..#.##
###......######......#
###......†....##.###


You could see a gnoll, 2 endoplasms, a giant cockroach and a rat.

Vanquished Creatures
  An adder (D:2)
  A dart slug (D:1)
  2 ball pythons
  3 endoplasms
  3 giant cockroaches (D:1)
  5 goblins
  3 hobgoblins
  4 bats
  A frilled lizard (D:1)
  A kobold (D:2)
  2 rats
26 creatures vanquished.

Notes
Turn   | Place    | Note
-------+----------+-------------------------------------------
     0 | D:1      | 112233 the Octopode Transmuter began the quest for the Orb.
     0 | D:1      | Reached XP level 1. HP: 13/13 MP: 3/3
    80 | D:1      | Reached XP level 2. HP: 4/18 MP: 3/5
   275 | D:1      | Learned a level 2 spell: Wereblood
   283 | D:1      | Found a faded altar of an unknown god.
   986 | D:2      | Reached XP level 3. HP: 22/23 MP: 3/6
  1238 | D:2      | Slain by a gnoll

Illustrated notes

Levels and vault maps discovered:
D:1:      lightli_arrival_farm, layout_rooms, shapermc_ecumenical_altar_gd,
          dreamdust_wishing_well, minmay_cupped
D:2:      minmay_alternating_diamond, layout_loops_ring, serial_shops,
          nicolae_shop_waterfront, minmay_randomly_rotated_circles

Action                     || total
---------------------------++-------
  Melee: Unarmed           ||    52
         Constrict         ||    12
         Tentacles         ||     9
         Kick              ||     8
         Punch             ||     1
   Cast: Beastly Appendage ||    18
    Use: Potion            ||     1
   Stab: Sleeping          ||     2
 Armour: Skin              ||    15
  Dodge: Dodged            ||    36

Table legend: (Time is in decaauts)
 A = Elapsed time spent in this place.
 B = Non-inter-level travel time spent in this place.
 C = Inter-level travel time spent in this place.
 D = Time resting spent in this place.
 E = Time spent auto-exploring this place.
 F = Levels seen in this place.
 G = Mean time per level.
                   A        B        C        D        E       F      G
               +--------+--------+--------+--------+--------+-----+--------+
         Total |   1234 |   1216 |     18 |    307 |    725 |   2 |  617.0 |
       Dungeon |   1234 |   1216 |     18 |    307 |    725 |   2 |  617.0 |
               +--------+--------+--------+--------+--------+-----+--------+

Top non-repeatable levels by time:
     D:1: 969 daAuts
     D:2: 264 daAuts
